 Dungeon Sprint DCSS version 0.31.0 (webtiles) character file.

Game seed: 3799345540947444607

807 Turgor the Cleaver (level 7, -17/70 HPs)
             Began as a Minotaur Fighter on Jan 19, 2024.
             Was a Believer of Ru.
             Killed from afar by Voschihuo the pandemonium lord (87 damage)
             ... with an iron shot
             ... in the Dungeon (Sprint V: "Ziggurat Sprint").
             The game lasted 00:08:51 (326 turns).

Turgor the Cleaver (Minotaur Fighter)                Turns: 326, Time: 00:08:52

Health: -17/70     AC: 24    Str: 34    XL:     7   Next: 60%
Magic:  6/6        EV:  6    Int:  5    God:    Ru [**....]
Gold:   0          SH:  9    Dex: 10    Spells: 6/6 levels left

rFire   + + .        F - +5 broad axe
rCold   + + .        l - +3 buckler
rNeg    + . .        k - +5 gold dragon scales
rPois   +            (helmet restricted)
rElec   +            a - scarf {rC+ rF+}
rCorr   +            (no gloves)
SInv    .            c - +1 pair of boots {Stlth+}
Will    +++..        b - amulet of the Four Winds {rN+ Will+++ Clar} Stlth
                     D - +6 ring of strength
HPRegen 0.31/turn    E - +6 ring of strength
MPRegen 0.10/turn

%: no teleportation, clarity
@: resistant
A: horns 2, temperature sensitive, retaliatory headbutt, no forms
a: Renounce Religion


You were in the Dungeon.
You worshipped Ru.
Ru was pleased with you.
You visited 1 branch

Inventory:

Hand Weapons
 F - a +5 broad axe (weapon)
 G - the +10 dark maul {heavy}
   (You found it in the Dungeon)
 H - the +16 obsidian axe {drain, demonic, Mesm ^Drain Fly SInv}
   (You found it in the Dungeon)

   Mesm:      Its wielder is mesmerised by any visible foes, and it cannot be
   unequipped while any foes are visible.
   SInv:      It lets you see invisible.
   Fly:       It grants you flight.
   ^Drain:    It drains your maximum health when unequipped.
Armour
 a - a scarf of resistance (worn)
 c - a +1 pair of boots of stealth (worn)
 k - +5 gold dragon scales (worn)
 l - a +3 buckler (worn)
 m - a +3 tower shield
 I - the +15 Maxwell's patent armour {-Cast -Tele rElec Will+ rCorr}
   (You found it in the Dungeon)

   rElec:     It insulates you from electricity.
   Will+:     It increases your willpower.
   -Cast:     It prevents spellcasting.
   -Tele:     It prevents most forms of teleportation.
   rCorr:     It protects you from acid and corrosion.
 J - the +18 shield of the Gong {Loud rN+ Will+ rCorr EV-5}
   (You found it in the Dungeon)

   Loud:      It is deafeningly noisy when blocking attacks.
   EV-5:      It affects your evasion (-5).
   rN+:       It protects you from negative energy.
   Will+:     It increases your willpower.
   rCorr:     It protects you from acid and corrosion.
Jewellery
 b - the amulet of the Four Winds (around neck) {rN+ Will+++ Clar}
   (You found it in the Dungeon)

   [amulet of nothing]

   rN+:       It protects you from negative energy.
   Will+++:   It greatly increases your willpower.
   Clar:      It protects you from confusion, rage, mesmerisation and fear.
 y - a ring of flight
 z - a +6 ring of dexterity
 A - a +6 ring of dexterity
 B - a +6 ring of intelligence
 C - a +6 ring of intelligence
 D - a +6 ring of strength (left hand)
 E - a +6 ring of strength (right hand)
Wands
 v - a wand of mindburst (7)
 w - a wand of iceblast (4)
 x - a wand of quicksilver (6)
Scrolls
 j - 4 scrolls of blinking
 r - 4 scrolls of amnesia
 s - 7 scrolls of fog
 t - 5 scrolls of identify
 u - 2 scrolls of fear
Potions
 d - 6 potions of might
 e - 10 potions of curing
 f - 10 potions of heal wounds
 g - 6 potions of haste
 h - 7 potions of magic
 i - 3 potions of berserk rage
 n - 2 potions of brilliance
 o - 2 potions of invisibility
 p - 3 potions of resistance
 q - a potion of experience


   Skills:
 + Level 9.4 Fighting
 * Level 12.4 Axes
 + Level 9.4 Armour
 + Level 9.3 Shields
 + Level 4.1 Evocations


You had 6 spell levels left.
You didn't know any spells.
Your spell library contained the following spells:

 Spells                   Type           Power      Damage    Failure   Level
 Foxfire                  Conj/Fire      0%         2x1d4     100%        1
 Olgreb's Toxic Radiance  Alch           0%         N/A       100%        4
 Plasma Beam              Fire/Air       0%         2x1d10    100%        6
 Starburst                Conj/Fire      0%         6d3       100%        6
 Enfeeble                 Hex            0%         N/A       100%        7
 Ozocubu's Refrigeration  Ice            0%         4d7       100%        7
 Spellforged Servitor     Conj/Summ      0%         N/A       100%        7
 Discord                  Hex            0%         N/A       100%        8


Dungeon Overview and Level Annotations

Branches:
Dungeon (1/1)

Altars:
Ashenzari
Cheibriados
Dithmenos
Elyvilon
Fedhas
Gozag
Hepliaklqana
Kikubaaqudgha
Makhleb
Nemelex Xobeh
Okawaru
Qazlal
Ru
Sif Muna
Trog
Uskayaw
Vehumet
Wu Jian
Xom
Yredelemnul
Zin
The Shining One
Jiyva
Lugonu


Innate Abilities, Weirdness & Mutations

You have a pair of horns on your head.
You are sensitive to extremes of temperature. (rF-, rC-)
You reflexively headbutt those who attack you in melee.
You cannot voluntarily change form.


Message History

Welcome to arena 6.
You enter the transporter and appear at another place.
An ufetubus, a quasit, a white imp, an iron imp, a red devil and a Voschihuo come into view.
The ufetubus shouts!
The white imp shouts, "Slither hence, thou rough-hewn crook-pated varlet!"
The iron imp shouts, "Begone, thou churlish bat-fowling flax-wench!"
Voschihuo trumpets, "Away with thee, thou defiled sheep-biting mooer!"
Found six items.
Okay, then.
Unknown command.
Press: ? - help, v - describe, . - travel
Here: Voschihuo The floor.
Okay, then.
Unknown command.
Okay, then.
You feel protected.
Okay, then.
Aiming: Quicksilver Bolt
Press: ? - help, Shift-Dir - straight line, f - ufetubus
Aim: an ufetubus (57% to hit)
Okay, then.
Unknown command.
Aiming: Iceblast
Press: ? - help, Shift-Dir - straight line, f - red devil
Aim: a red devil, wielding a +0 trident The mass of ice explodes!
The iceblast engulfs the red devil.
The red devil is lightly wounded.
The iceblast engulfs the ufetubus!
The ufetubus partially resists.
You kill the ufetubus!
The iceblast engulfs Voschihuo.
Voschihuo partially resists.
Voschihuo is lightly wounded.
The iceblast engulfs the iron imp!
The iron imp partially resists.
The iron imp is severely wounded.
The iceblast engulfs the white imp!
The white imp partially resists.
The white imp is almost dead.
Voschihuo gestures at you. The iron shot hits you!!!!
Ouch! That really hurt!
You die...

▓..=)=..▓
▓../5|..▓
▓...55..▓
▓...4&..▓
▓.......▓
.......
▓.▓...▓.▓
▓...@...▓
▓▓▓▓▓▓▓▓▓


You could see Voschihuo, a red devil, an iron imp, a quasit and a white imp.

Vanquished Creatures
  A glass eye (D)
  A jumping spider (D)
  A golden eye (D)
  A scorpion (D)
  2 necrophages (D)
  A crimson imp (D)
  An iron imp (D)
  2 iguanas (D)
  A river rat (D)
  A white imp (D)
  An ufetubus (D)
  3 endoplasms (D)
  A jackal (D)
  A jackal skeleton (D)
  A quokka zombie (D)
19 creatures vanquished.

Notes
Turn   | Place    | Note
-------+----------+-------------------------------------------
     0 | D        | Turgor the Minotaur Fighter began the quest for the Orb.
     0 | D        | Reached XP level 1. HP: 19/19 MP: 0/0
     3 | D        | Found a blossoming altar of Fedhas.
     3 | D        | Found the +6 Majin-Bo {spellvamp, MP+6 Int+6}
     3 | D        | Found the +27 heavy crossbow "Sniper" {heavy, Acc+∞ SInv}
     3 | D        | Found the +10 dark maul {heavy}
     3 | D        | Found the +15 Maxwell's patent armour {-Cast -Tele rElec
                  | Will+ rCorr}
     3 | D        | Found the +18 shield of the Gong {Loud rN+ Will+ rCorr
                  | EV-5}
     3 | D        | Found the +16 obsidian axe {drain, demonic, Mesm ^Drain Fly
                  | SInv}
     3 | D        | Found the +7 great mace "Firestarter" {flame, immolate,
                  | rFlCloud rF++}
     3 | D        | Found the +6 shillelagh "Devastator" {shatter}
     3 | D        | Found the +11 plutonium sword {^Contam Stlth-}
     3 | D        | Found the +8 lance "Wyrmbane" {slay drac, rPois rF+ rC+
                  | AC+3}
     3 | D        | Found the +9 sword of Zonguldrok {reap}
     3 | D        | Found the +13 scythe of Curses {drain, curses, ^Drain}
     3 | D        | Found the +9 sword of Power {lifebolt}
     3 | D        | Found the +7 mace of Variability {chaos, chaos arc}
     3 | D        | Found the +11 Singing Sword {sonic wave}
     3 | D        | Found the +8 storm bow {elec, penet}
     7 | D        | Found a shimmering blue altar of Sif Muna.
     7 | D        | Found a sacrificial altar of Ru.
     7 | D        | Found a bloodstained altar of Trog.
     7 | D        | Found a stormy altar of Qazlal.
     7 | D        | Found an iron altar of Okawaru.
     7 | D        | Found a sparkling altar of Nemelex Xobeh.
     9 | D        | Found a transporter.
     9 | D        | Found an ancient bone altar of Kikubaaqudgha.
     9 | D        | Found a viscous altar of Jiyva.
     9 | D        | Found a corrupted altar of Lugonu.
     9 | D        | Found a hazy altar of Hepliaklqana.
     9 | D        | Found a burning altar of Makhleb.
     9 | D        | Found an opulent altar of Gozag.
    67 | D        | Became a worshipper of Ru the Awakened
    75 | D        | Entered arena 2.
    75 | D        | Noticed a scorpion
    75 | D        | Noticed a jumping spider
    75 | D        | Found a transporter.
    78 | D        | Killed a scorpion
    79 | D        | Reached skill level 5 in Fighting
    79 | D        | Reached skill level 6 in Axes
    79 | D        | Reached skill level 5 in Armour
    79 | D        | Reached skill level 5 in Shields
    79 | D        | Reached XP level 2. HP: 9/29 MP: 1/1
    79 | D        | Reached XP level 3. HP: 11/36 MP: 2/2
    83 | D        | Killed a jumping spider
    84 | D        | Reached skill level 9 in Axes
    84 | D        | Reached XP level 4. HP: 16/47 MP: 3/3
    84 | D        | Reached XP level 5. HP: 18/52 MP: 4/4
   205 | D        | Entered arena 3.
   205 | D        | Found a transporter.
   208 | D        | Gained mutation: You cannot voluntarily change form. [Ru
                  | sacrifice]
   211 | D        | Reached skill level 1 in Evocations
   211 | D        | Reached XP level 6. HP: 60/60 MP: 5/5
   225 | D        | Entered arena 4.
   225 | D        | Found the amulet of the Four Winds {rN+ Will+++ Clar}
   225 | D        | Found a transporter.
   232 | D        | Reached skill level 10 in Axes
   277 | D        | Entered arena 5.
   277 | D        | Found a transporter.
   283 | D        | Reached skill level 11 in Axes
   292 | D        | Entered arena 6.
   292 | D        | Noticed a golden eye
   292 | D        | Noticed a glass eye
   292 | D        | Found a transporter.
   299 | D        | Killed a glass eye
   300 | D        | Reached XP level 7. HP: 70/70 MP: 6/6
   300 | D        | Killed a golden eye
   301 | D        | Reached skill level 12 in Axes
   312 | D        | Got Viohamue's Arcane Secrets of Acroamatic Knowledge
   313 | D        | Gained mutation: You are sensitive to extremes of
                  | temperature. (rF-, rC-) [Ru sacrifice]
   313 | D        | Reached * piety under Ru
   313 | D        | Reached ** piety under Ru
   324 | D        | Entered arena 7.
   324 | D        | Noticed a red devil
   324 | D        | Noticed Voschihuo the pandemonium lord
   326 | D        | Killed from afar by Voschihuo the pandemonium lord

Illustrated notes

Levels and vault maps discovered:
D:        sprint_v [room_start, room_1, room_2, room_3, room_4, room_5, room_6,
          room_7, room_8, room_9, room_10, room_11, room_12, room_13, room_14,
          room_15, room_16, room_17, room_18, room_19, room_20, room_21,
          room_22, room_23, room_24, room_25, room_26, room_27]

Skill      XL: |  1  2  3  4  5  6  7 |
---------------+----------------------+-----
Fighting       | 5 7 9 |  9.4
Axes           | 6 9 11 12 | 12.4
Armour         | 5 7 9 |  9.4
Shields        | 5 7 9 |  9.3
Evocations     | 1 3 4 |  4.1

Action                     |  1- 3 |  4- 6 |  7- 9 || total
---------------------------+-------+-------+-------++-------
  Melee: Broad axe         |     4 |    25 |     2 ||    31
         Headbutt          |     1 |     3 |       ||     4
 Invoke: Sacrifice Forms   |       |     1 |       ||     1
         Sacrifice Resista |       |       |     1 ||     1
  Evoke: Wand              |     3 |       |     1 ||     4
    Use: Potion            |       |       |     1 ||     1
 Armour: Gold dragon scale |     9 |    13 |     1 ||    23
  Dodge: Dodged            |     1 |     3 |       ||     4
  Block: Buckler           |     3 |     5 |     1 ||     9
